 Dungeon Crawl Stone Soup version 0.31-a0-43-g46d131a48f (console) character file.

Game seed: 3440330833081796832

70 petzl the Sneak (level 4, 0/35 HPs)
             Began as a Formicid Delver on May 18, 2023.
             Killed by divine providence
             ... invoked by an orc priest
              (15 damage)
             ... on level 2 of the Dungeon.
             The game lasted 00:10:03 (2582 turns).

petzl the Sneak (Formicid Delver)                   Turns: 2582, Time: 00:10:04

Health: 0/35       AC:  8    Str: 16    XL:     4   Next: 44%
Magic:  8/8        EV: 11    Int: 12    God:
Gold:   114        SH:  0    Dex: 15    Spells: 9/9 levels left

rFire   + + .        b - +0 rapier
rCold   . . .        (no shield)
rNeg    . . .        n - +0 ring mail
rPois   .            (helmet unavailable)
rElec   .            (no cloak)
rCorr   .            m - +0 pair of gloves
SInv    +            g - +1 pair of boots
Will    .....        (no amulet)
Stlth   +++          r - ring of protection from fire
HPRegen 0.25/turn    p - ring of protection from fire
MPRegen 0.11/turn

%: no passive effects
@: no status effects
A: permanent stasis, dig shafts and tunnels, antennae 3, four strong arms
a: Dig, Shaft Self


You were on level 2 of the Dungeon.
You visited 1 branch of the dungeon, and saw 7 of its levels.

You collected 114 gold pieces.

Inventory:

Hand Weapons
 a - a +0 sling
 b - a +0 rapier (weapon)
Armour
 g - a +1 pair of boots (worn)
 m - a +0 pair of gloves (worn)
 n - a +0 ring mail (worn)
Jewellery
 p - a ring of protection from fire (right hand)
 r - a ring of protection from fire (left hand)
Wands
 f - a wand of digging (2)
Scrolls
 c - 2 scrolls of fog
 d - a scroll of magic mapping
 e - a scroll of fear
 k - a scroll of amnesia {unknown}
 l - a scroll of enchant armour {unknown}
 q - 4 scrolls of teleportation {unknown}
 s - a scroll of poison {unknown}
Potions
 h - a potion of ambrosia {unknown}
 i - 2 potions of brilliance {unknown}
 j - a potion of attraction {unknown}
 o - 2 potions of curing {unknown}


   Skills:
 - Level 3.2 Fighting
 - Level 2.0 Maces & Flails
 + Level 1.7 Ranged Weapons
 - Level 1.7 Dodging
 - Level 6.0 Stealth
 + Level 3.1 Spellcasting


You had 9 spell levels left.
You didn't know any spells.
Your spell library contained the following spells:

 Spells                   Type           Power      Damage    Failure   Level
 Slow                     Hex            4%         N/A       43%         1
 Cigotuvi's Dreadful Rot  Necr/Pois/Air  2%         N/A       56%         2
 Confusing Touch          Hex            1%         N/A       80%         3
 Vampiric Draining        Necr           1%         2d6       80%         3
 Dispel Undead            Necr           1%         3d6       99%         4
 Death Channel            Necr           0%         N/A       100%        6


Dungeon Overview and Level Annotations

Branches:
Dungeon (7/15)
 Temple: D:4-7

Altars:

Shops:
D:1 (

Annotations:
D:4 exclusion: downstairs
D:6 exclusion: downstairs
D:7 2 transporters, exclusions: electric eel, ice beast and iguana, bchevrier's ghost, novice GnWn


Innate Abilities, Weirdness & Mutations

You cannot be hasted, slowed, berserked, paralysed or teleported.
You can dig through walls and to a lower floor.
You have a pair of large antennae on your head. (SInv)
Your four strong arms can wield two-handed weapons with a shield.


Message History

You hit the orc.
The orc is moderately wounded.
The orc barely misses you.
You hit the orc.
The orc is almost dead.
The orc hits you but does no damage. The orc misses you.
Unknown command.
You hit the orc.
You kill the orc!
Things that are here:
a +0 flail; a +0 scale mail
There is a stone staircase leading down, spattered with blood here.
You start resting.
HP restored.
You climb downwards.
There is a stone staircase leading up here.
a - a +0 sling (weapon)
You shoot a sling bullet.
The sling bullet hits the orc priest but does no damage.
The orc priest calls down the wrath of Beogh upon you.
Beogh smites you!
You shoot a sling bullet. The sling bullet hits the orc priest.
The orc priest is moderately wounded.
The orc priest hits you with a +0 club.
The orc hits you from afar with a +0 trident.
You climb upwards.
There is a stone staircase leading down, spattered with blood here.
b - a +0 rapier (weapon)
You hit the orc priest.
The orc priest is heavily wounded.
The orc priest closely misses you.
The orc priest hits you but does no damage.
You hit the orc priest.
The orc priest is heavily wounded.
The orc priest hits you with a +0 club.
You hit the orc priest but do no damage.
The orc priest is heavily wounded.
The orc priest calls down the wrath of Beogh upon you.
Beogh smites you!
You die...

##...## ##..##....÷...# #...##8##
.....# ##.....##.#.######...####
.##### ####.....#.#.....#⌠...8#
....# #....#.#.#.########...##
.##.#####.####.........# #...#####
.......................####...##...
#.#..###########..###...##8...8#...
#.##..## ##.# ##...##...##...
#.###..### ### ##(.>......>.. #.#
##...### ####......... #.#
###...### #......... #.# ###...###
#......... #.# ###...########
#.....##.. #.#
#..........####.....8#.. #.#
#...................##.. #.######
#..........####.....##.. #......#
#..........# #.....##.. ###....#
#....o.[...# ####.)8### ..#....#
#.....@....#######..## #.†....#
##########..........# ##.....#
#..........## ###....#
###8###8###⌠# #....# ## ## ###
#....# #....# #..).# ######


You could see an orc priest.

Vanquished Creatures
  2 adders (D:2)
  A dart slug (D:2)
  An orc (D:2)
  4 ball pythons
  3 bats
  7 endoplasms
  A giant cockroach (D:2)
  5 goblins
  3 hobgoblins
  3 kobolds
  5 quokkas
  3 frilled lizards
  3 rats
41 creatures vanquished.

Notes
Turn   | Place    | Note
-------+----------+-------------------------------------------
     0 | D:5      | petzl the Formicid Delver began the quest for the Orb.
     0 | D:5      | Reached XP level 1. HP: 18/18 MP: 1/1
    31 | D:6      | Noticed an ogre
    63 | D:7      | Found a transporter.
    64 | D:7      | Noticed bchevrier's ghost (novice GnWn)
    73 | D:7      | Found a transporter.
    98 | D:7      | Noticed an ice beast
   126 | D:7      | Identified the +4 dire flail "Fesewac" {venom, rF+ Stlth+}
   126 | D:7      | Noticed an ogre
   128 | D:7      | Noticed an ogre
   161 | D:7      | Noticed an iguana
   174 | D:7      | Noticed an electric eel
   237 | D:7      | Noticed an electric eel
   241 | D:7      | Noticed an ogre
   411 | D:5      | Noticed an iguana
   629 | D:2      | Reached skill level 1 in Spellcasting
   647 | D:2      | Reached XP level 2. HP: 24/24 MP: 2/4
   888 | D:2      | Reached XP level 3. HP: 29/29 MP: 6/6
   914 | D:1      | Found Gegan's Antique Weapon Shop.
   948 | D:1      | Found a faded altar of an unknown god.
  1930 | D:2      | Reached skill level 1 in Ranged Weapons
  1980 | D:2      | Reached XP level 4. HP: 32/35 MP: 8/8
  2582 | D:2      | Killed from afar by an orc priest

Illustrated notes

Levels and vault maps discovered:
D:1:      dpeg_arrival_three_same_balls, layout_loops_corners,
          ebering_ecumenical_altar_ruins, serial_shops,
          nicolae_shop_tiny_waterfront
D:2:      layout_rooms, serial_corexii_hall, corexii_hall_statues_x,
          corexii_hall_statues_l, chequers_hall_statues_corner_a
D:3:      layout_basic, mainiacjoe_overflow_boulevard, serial_bayou,
          serial_bayou_shore_a, serial_bayou_shore_b, serial_bayou_shore_b,
          serial_bayou_pond_d
D:4:      layout_loops_ring, grunt_ministairs_15
D:5:      gammafunk_cloud_chamber, layout_rooms, nicolae_overflow_crystal_walls,
          amcnicky_altar_gilded, minmay_temple_entry_trees, serial_shops, shop
D:6:      cheibrodos_fzero, layout_basic, gammafunk_ghost_nasty_kobolds
D:7:      layout_cave_pools, nicolae_wu_jian_immortal_techniques,
          mainiacjoe_overflow_divided_tiny, gammafunk_ghost_smash,
          water_maze_lemuel

Skill      XL: |  1  2  3  4 |
---------------+-------------+-----
Spellcasting   | 1 2 3 |  3.1
Ranged Weapons | 1 |  1.7
Fighting       | |  3.2
Maces & Flails | |  2.0
Dodging        | |  1.7
Stealth        | |  6.0

Action                     |  1- 3 |  4- 6 || total
---------------------------+-------+-------++-------
  Melee: Rapier            |    92 |    22 ||   114
   Fire: Sling             |    49 |    27 ||    76
  Evoke: Wand              |     1 |       ||     1
    Use: Scroll            |       |     1 ||     1
   Stab: Sleeping          |     1 |       ||     1
 Armour: Ring mail         |    47 |    14 ||    61
         Leather armour    |     2 |       ||     2
  Dodge: Dodged            |    84 |    16 ||   100

Table legend: (Time is in decaauts)
 A = Elapsed time spent in this place.
 B = Non-inter-level travel time spent in this place.
 C = Inter-level travel time spent in this place.
 D = Time resting spent in this place.
 E = Time spent auto-exploring this place.
 F = Levels seen in this place.
 G = Mean time per level.
                   A        B        C        D        E       F      G
               +--------+--------+--------+--------+--------+-----+--------+
         Total |   2631 |   2570 |     61 |    288 |   1373 |   7 |  375.9 |
       Dungeon |   2631 |   2570 |     61 |    288 |   1373 |   7 |  375.9 |
               +--------+--------+--------+--------+--------+-----+--------+

Top non-repeatable levels by time:
     D:1: 1032 daAuts
     D:2: 918 daAuts
     D:7: 222 daAuts
     D:3: 180 daAuts
     D:6: 175 daAuts
     D:4: 69 daAuts
     D:5: 32 daAuts
